 Dungeon Crawl Stone Soup version 0.27-a0-522-g46bbb28828 (webtiles) character file.

Game seed: 9004909481418234879

169 Anon1729 the Skirmisher (level 5, -1/47 HPs)
             Began as a Ghoul Fighter on Mar 5, 2021.
             Slain by Sigmund
             ... wielding a +0 scythe
              (5 damage)
             ... on level 3 of the Dungeon.
             The game lasted 00:02:38 (2530 turns).

Anon1729 the Skirmisher (Ghoul Fighter)             Turns: 2530, Time: 00:02:38

Health: -1/47      AC:  8    Str: 21    XL:     5   Next: 50%
Magic:  4/4        EV:  7    Int:  3    God:
Gold:   58         SH:  9    Dex:  8    Spells: 4/4 levels left

rFire    + . .     SeeInvis .   s - +1 hand axe (vamp)
rCold    + + .     Faith    .   c - +0 kite shield
rNeg     + + +     Spirit   .   b - +0 scale mail
rPois    ∞         Reflect  .   (no helmet)
rElec    +         Harm     .   (no cloak)
rCorr    +         Rampage  .   i - +0 pair of gloves
Will     .....                  (no boots)
Stlth    ..........             k - amulet of magic regeneration
HPRegen  0.00/turn              (no ring)
MPRegen  0.34/turn              (no ring)

@: brilliant, resistant, attractive, flying, hasted, very quick
A: claws 1, cold resistance 1, negative energy resistance 3, inhibited
regeneration, torment resistance, unbreathing 1
a: no special abilities


You were on level 3 of the Dungeon.
You visited 1 branch of the dungeon, and saw 3 of its levels.

You collected 58 gold pieces.

Inventory:

Hand Weapons
 a - a +0 war axe
 s - a +1 vampiric hand axe (weapon)
Armour
 b - a +0 scale mail (worn)
 c - a +0 kite shield (worn)
 i - a +0 pair of gloves (worn)
Jewellery
 k - an amulet of magic regeneration (around neck)
Scrolls
 e - 6 scrolls of identify {unknown}
 g - 3 scrolls of fog {unknown}
 l - a scroll of immolation {unknown}
 m - a scroll of fear {unknown}
 o - a scroll of teleportation {unknown}
 p - a scroll of blinking {unknown}
Potions
 d - a potion of might
 f - a potion of magic
 h - a potion of haste
 q - 2 potions of attraction


   Skills:
 + Level 4.3 Fighting
 + Level 2.9 Axes
 + Level 3.5 Armour
 + Level 3.5 Shields


You had 4 spell levels left.
You didn't know any spells.
Your spell library contained the following spells:

 Spells                   Type           Power        Failure   Level
 Animate Skeleton         Necr           0%           100%        1
 Apportation              Tloc           0%           100%        1
 Corona                   Hex            0%           100%        1
 Summon Small Mammal      Summ           0%           100%        1


Dungeon Overview and Level Annotations

Branches:
Dungeon (3/15)

Altars:

Annotations:
D:3 Sigmund


Innate Abilities, Weirdness & Mutations

You thrive by killing the living.
You are immune to poison.
You have sharp fingernails.
Your flesh is cold resistant. (rC+)
You are immune to negative energy. (rN+++)
You do not regenerate when monsters are visible.
You are immune to unholy pain and torment.
You can survive without breathing.


Message History

Sigmund barely misses you.
You miss Sigmund.
Sigmund is heavily wounded.
Sigmund hits you with a +0 scythe!
* * * LOW HITPOINT WARNING * * *
You miss Sigmund.
Sigmund is heavily wounded.
Sigmund barely misses you. Sigmund barely misses you.
It was a potion of magic.
Magic courses through your body.
It was a potion of haste.
You feel yourself speed up. Sigmund closely misses you.
It was a potion of attraction.
You feel attractive to monsters.
It was a potion of flight.
You feel very buoyant.
You fly up into the air.
Sigmund hits you with a +0 scythe.
* * * LOW HITPOINT WARNING * * *
It was a potion of brilliance.
You feel clever all of a sudden.
You feel less confused.
It was a potion of resistance.
You feel protected. Sigmund hits you but does no damage.
Okay, then.
You hit Sigmund.
Sigmund is heavily wounded.
You hit Sigmund.
You feel better.
Sigmund is heavily wounded.
Sigmund casts a spell at you. The magic dart hits you!
* * * LOW HITPOINT WARNING * * *
You barely miss Sigmund.
Sigmund is heavily wounded.
You block Sigmund's attack.
You barely miss Sigmund.
Sigmund is heavily wounded.
You hit Sigmund.
Sigmund is severely wounded.
Sigmund hits you with a +0 scythe.
You die...

#.########
#######.#.......
#.......#.######
#.#######.#
#.#######.######
#.##............
#.######.#..###..######
#.....@†.#.# ##.###
#.....@....# #...##
#.#####..### ###..#
#.## ##.# #.# #.### #.#
#...# ... #..#.# ...
#...##.# #.# #.## #.#
#..####.#


You could see Sigmund.

Vanquished Creatures
  An orc wizard (D:3)
  9 adders
  An ooze (D:2)
  7 orcs (D:3)
  A ball python (D:2)
  8 bats
  2 giant cockroaches
  6 goblins
  6 hobgoblins
  4 jackals (D:1)
  4 frilled lizards
  A kobold (D:2)
  6 rats
56 creatures vanquished.

Notes
Turn   | Place    | Note
-------+----------+-------------------------------------------
     0 | D:1      | Anon1729 the Ghoul Fighter began the quest for the Orb.
     0 | D:1      | Reached XP level 1. HP: 19/19 MP: 0/0
   673 | D:1      | Reached XP level 2. HP: 24/26 MP: 1/1
   997 | D:2      | Reached XP level 3. HP: 30/31 MP: 2/2
  1347 | D:2      | Reached XP level 4. HP: 40/40 MP: 3/3
  1412 | D:2      | Reached skill level 4 in Fighting
  2074 | D:3      | Reached XP level 5. HP: 46/46 MP: 4/4
  2496 | D:3      | Noticed Sigmund
  2530 | D:3      | Slain by Sigmund

Illustrated notes

Levels and vault maps discovered:
D:1:      roderic_dead_forest, layout_loops_corners
D:2:      layout_loops_corners
D:3:      cheibrodos_greedy_goblins, layout_loops_ring,
          amcnicky_mini_pool_small, uniq_sigmund

Skill      XL: |  1  2  3  4 |
---------------+-------------+-----
Axes           | 2 |  2.9
Shields        | 3 |  3.5
Armour         | 3 |  3.5
Fighting       | 4 |  4.3

Action                   |  1- 3 |  4- 6 || total
-------------------------+-------+-------++-------
Melee: War axe           |    78 |   105 ||   183
       Hand axe          |       |    19 ||    19
  Use: Potion            |       |     6 ||     6
Armor: Scale mail        |    64 |    67 ||   131
Dodge: Dodged            |    37 |    41 ||    78
Block: Kite shield       |    68 |    66 ||   134

Table legend: (Time is in decaauts)
 A = Elapsed time spent in this place.
 B = Non-inter-level travel time spent in this place.
 C = Inter-level travel time spent in this place.
 D = Time resting spent in this place.
 E = Time spent auto-exploring this place.
 F = Levels seen in this place.
 G = Mean time per level.
                   A        B        C        D        E       F      G
               +--------+--------+--------+--------+--------+-----+--------+
         Total |   2645 |   2557 |     88 |    277 |   1793 |   3 |  881.7 |
       Dungeon |   2645 |   2557 |     88 |    277 |   1793 |   3 |  881.7 |
               +--------+--------+--------+--------+--------+-----+--------+

Top non-repeatable levels by time:
     D:2: 1089 daAuts
     D:1: 941 daAuts
     D:3: 614 daAuts
